Map: Winter's Gate LE

Players

pHARM

  • Race: Zerg Zerg
  • League: Platinum
  • Spawn Location: 11:00

StarToss - Winner!

  • Race: Protoss Protoss
  • League: Platinum
  • Spawn Location: 5:00

VOD

Have the link to the VOD?

Description

Time

  • Played on: Aug. 26, 2019, 3:01 p.m.
  • Length: 22:20
Show
View Real Time Build Order
Export as new Build Order

pHARM Zerg 

Build Orders: Hatch First, Brood Lord Corruptor 

Get SALT Encoding   

  12  0:02  Drone  
  13  0:13  Overlord  
  13  0:36  Drone  
  13  0:39  Drone x2  
  16  0:54  Drone  
  16  0:57  Hatchery  
  17  1:11  Drone x2  
  18  1:26  Spawning Pool, Drone  
  18  1:34  Drone  
  19  1:42  Drone  
  20  1:49  Extractor  
  20  1:53  Drone  
  20  2:03  Overlord  
  20  2:19  Drone x2, Queen  
  20  2:20  Queen  
  20  2:21  Zergling x2  
  27  2:27  Drone  
  28  2:32  Overlord  
  28  2:41  Drone  
  29  2:50  Drone x2  
  31  2:58  Queen x2  
  35  2:59  Metabolic Boost  
  35  3:04  Drone x3  
  38  3:20  Drone  
  38  3:21  Drone x2  
  41  3:30  Evolution Chamber  
  40  3:40  Drone x3  
  40  3:41  Overlord, Drone  
  44  3:42  Overlord x2  
  43  4:00  Zerg Missile Weapons Level 1  
  43  4:03  Hatchery  
  43  4:07  Drone x6  
  48  4:11  Extractor  
  48  4:12  Extractor  
  48  4:16  Roach Warren  
  45  4:23  Evolution Chamber  
  44  4:27  Lair  
  44  4:40  Drone x2  
  44  4:41  Drone x3  
  44  4:45  Queen  
  51  4:50  Overlord x4  
  51  4:53  Drone  
  49  5:19  Drone x7  
  52  5:28  Glial Reconstitution  
  50  5:46  Roach  
  50  5:47  Roach x6  
  64  6:07  Roach x5  
  74  6:12  Zerg Ground Armor Level 1, Zerg Missile Weapons Level 2  
  74  6:36  Drone x3  
  74  6:37  Drone x3  
  80  6:40  Drone  
  80  6:41  Drone x5  
  86  7:02  Extractor  
  86  7:07  Hydralisk Den  
  64  7:34  Roach x11  
  64  7:35  Overlord x2  
  64  7:36  Overlord x3  
  82  7:39  Grooved Spines  
  82  7:53  Infestation Pit  
  82  7:56  Extractor  
  82  7:57  Drone x6, Extractor  
  85  8:08  Zerg Ground Armor Level 2  
  75  8:35  Drone  
  75  8:36  Drone x13  
  89  8:48  Hydralisk x5  
  89  8:49  Hydralisk x3  
  105  8:57  Drone x2  
  107  9:11  Spine Crawler  
  106  9:22  Hatchery  
  105  9:30  Roach x8  
  119  9:55  Hydralisk Den  
  118  10:08  Hive  
  118  10:09  Overlord x5  
  118  10:49  Spire  
  79  11:38  Roach x10  
  79  11:39  Roach x29  
  153  11:40  Roach  
  153  11:42  Overlord x2  
  153  11:52  Zerg Ground Armor Level 3, Zerg Missile Weapons Level 3  
  153  11:54  Roach  
  153  11:55  Roach x2  
  159  12:04  Corruptor x7  
  173  12:10  Greater Spire  
  173  12:17  Queen  
  163  12:51  Burrow  
  163  12:53  Tunneling Claws  
  161  13:00  Overlord x2  
  161  13:01  Overlord x3  
  161  13:19  Overlord x3  
  161  13:23  Hatchery  
  160  13:35  Brood Lord x7  
  160  13:37  Corruptor  
  160  13:40  Hatchery  
  175  13:55  Corruptor x2  
  177  13:56  Corruptor  
  175  14:17  Overseer x5  
  175  14:23  Spore Crawler  
  165  14:30  Corruptor  
  165  14:31  Corruptor  
  165  14:47  Spore Crawler  
  165  14:48  Spine Crawler  
  165  14:52  Drone x8  
  171  14:54  Drone x4  
  171  14:55  Drone x3  
  178  15:25  Roach x40  
  116  16:03  Roach  
  122  16:04  Roach x15  
  114  16:34  Roach x10  
  114  16:35  Roach  
  114  16:37  Spire  
  129  16:45  Overseer x2  
  127  16:55  Spore Crawler  
  127  16:58  Spine Crawler  
  125  17:02  Spine Crawler  
  125  17:06  Roach x7  
  125  17:07  Zergling x2  
  125  17:08  Zergling x14  
  146  17:14  Overseer  
  144  17:37  Adrenal Glands  
  144  17:48  Extractor  
  143  17:51  Extractor  
  139  18:22  Greater Spire  
  139  18:51  Drone x15  
  149  19:23  Roach  
  149  19:24  Roach x8  
  131  19:40  Roach x31  
  131  19:41  Roach x2  
  145  19:47  Queen x2  
  145  19:48  Queen  
  137  20:12  Hatchery  
  134  20:18  Hatchery  
  133  20:23  Queen  
  135  20:30  Ultralisk Cavern  
  132  20:38  Overseer  
  132  20:39  Overseer x3  
  118  21:03  Hatchery  
  117  21:22  Ultralisk x2  
  117  21:23  Ultralisk x7  
  117  21:25  Drone x3  
  174  21:40  Roach x15  
  174  21:48  Roach x10  
  132  22:06  Spore Crawler  
Show
View Real Time Build Order
Export as new Build Order

StarToss Protoss - Winner!

Build Orders: 1 Gate Expand, Oracle Opening, Phoenix Opening, Chargelot Immortal 

Get SALT Encoding   

  12  0:01  Probe  
  13  0:16  Probe  
  14  0:25  Pylon  
  14  0:28  Probe  
  15  0:40  Probe  
  15  0:48  Gateway  
  15  0:49  Probe  
  16  0:53  Assimilator  
  17  1:00  Probe  
  18  1:12  Probe  
  19  1:25  Nexus  
  19  1:36  Probe  
  19  1:39  Cybernetics Core  
  19  1:44  Probe  
  19  1:46  Assimilator  
  21  1:55  Pylon  
  21  2:02  Probe  
  22  2:15  Probe  
  23  2:18  Adept  
  25  2:27  Probe  
  26  2:37  Stargate  
  26  2:51  Probe  
  26  2:52  Probe  
  26  2:57  Pylon  
  28  2:58  Stalker  
  28  3:03  Probe  
  28  3:04  Probe  
  32  3:15  Probe  
  32  3:16  Phoenix, Probe  
  33  3:23  Warp Gate  
  35  3:27  Probe  
  35  3:33  Gateway  
  36  3:34  Gateway  
  36  3:37  Probe  
  36  3:40  Probe  
  38  3:45  Oracle  
  38  3:49  Probe  
  38  3:52  Probe  
  43  3:57  Gateway  
  43  4:01  Probe  
  44  4:04  Probe  
  45  4:18  Twilight Council  
  45  4:19  Probe x2, Robotics Facility  
  45  4:20  Assimilator  
  45  4:22  Assimilator  
  47  4:24  Pylon  
  47  4:31  Probe  
  48  4:35  Probe  
  49  4:39  Pylon  
  49  4:41  Adept  
  49  4:42  Forge  
  49  4:44  Pylon  
  51  4:53  Probe x2  
  53  5:05  Probe  
  54  5:20  Probe  
  55  5:27  Immortal, Charge  
  59  5:31  Nexus  
  59  5:33  Protoss Ground Weapons Level 1  
  59  5:34  Pylon  
  59  5:37  Pylon  
  56  5:53  Templar Archives  
  56  5:55  Gateway, Probe  
  56  5:56  Probe  
  58  5:57  Gateway  
  58  5:58  Adept  
  58  5:59  Gateway, Sentry  
  62  6:08  Probe  
  63  6:12  Probe  
  63  6:15  Warp Prism  
  66  6:22  Adept x2  
  66  6:23  Adept  
  66  6:24  Pylon  
  72  6:25  Sentry  
  74  6:37  Gateway  
  74  6:39  Gateway  
  74  6:51  Immortal  
  78  6:55  Stalker x2  
  78  6:56  Adept  
  78  6:57  Adept  
  78  6:59  Sentry  
  78  7:00  Sentry  
  86  7:16  Adept  
  78  7:28  Zealot x2, Stalker  
  78  7:29  Stalker  
  82  7:30  Immortal  
  84  7:42  High Templar x2  
  88  7:44  Probe  
  88  7:45  Probe x2  
  88  7:47  Assimilator  
  88  7:51  Assimilator  
  91  7:56  Probe  
  91  7:57  Probe x2  
  94  8:00  Zealot  
  94  8:01  Zealot x5  
  106  8:25  Immortal  
  106  8:27  High Templar x2  
  106  8:28  Zealot, High Templar  
  106  8:29  Zealot x3  
  112  8:42  Zealot  
  112  8:43  Zealot  
  112  8:44  Pylon  
  112  8:47  Gateway  
  116  8:50  Gateway  
  116  8:56  Probe  
  116  9:00  Dark Shrine  
  116  9:02  Probe x2  
  119  9:06  Zealot  
  119  9:07  Zealot  
  119  9:08  Probe  
  124  9:14  Probe  
  125  9:26  Psionic Storm  
  125  9:36  Observer, Probe  
  119  9:44  Zealot x3  
  125  9:46  Archon  
  125  10:07  Pylon  
  125  10:10  Pylon  
  125  10:22  Nexus  
  125  10:23  Pylon  
  125  10:25  Immortal, Probe x3  
  125  10:27  Pylon  
  130  10:31  High Templar x5  
  130  10:32  Sentry  
  130  10:34  Zealot  
  140  10:37  Probe  
  140  10:42  Zealot, Probe x2  
  145  10:59  Pylon  
  145  11:00  Pylon  
  145  11:02  Pylon  
  145  11:17  Probe x2  
  145  11:18  Nexus  
  145  11:19  Pylon  
  135  11:27  Warp Prism  
  124  11:40  Protoss Ground Weapons Level 2  
  124  11:46  Zealot  
  124  11:47  Zealot x4  
  134  12:00  Immortal  
  134  12:08  Zealot x5  
  142  12:09  Zealot x2  
  144  12:45  Archon  
  144  12:46  Archon x2  
  144  12:49  Stalker x3  
  144  12:50  Zealot x2, Stalker x3  
  144  12:51  Zealot x3  
  162  13:00  Immortal  
  152  13:16  Stalker x3  
  152  13:17  Zealot x3, Stalker  
  152  13:18  Stalker x3  
  152  13:19  Zealot  
  174  13:38  Dark Templar x3  
  174  13:39  Dark Templar  
  182  13:57  Zealot x2  
  182  14:20  Zealot x3  
  184  14:39  High Templar x2  
  184  14:40  High Templar  
  178  14:45  Pylon  
  178  14:47  Pylon  
  178  14:54  High Templar x4  
  178  14:55  High Templar  
  188  15:01  Pylon  
  188  15:02  Immortal  
  188  15:03  Pylon  
  188  15:05  Pylon  
  188  15:07  Gateway  
  188  15:10  Gateway  
  192  15:19  Gateway  
  192  15:22  Gateway  
  192  15:24  Gateway  
  192  15:25  Gateway  
  186  15:29  Gateway  
  186  15:31  Gateway  
  133  15:53  Stalker x2  
  133  15:54  Zealot, Stalker x4  
  133  15:55  Zealot x4  
  109  16:09  Dark Templar x2  
  89  16:20  Zealot x3  
  89  16:21  Stalker x4  
  89  16:22  Zealot x3  
  89  16:24  High Templar x4  
  89  16:25  High Templar  
  117  16:32  Stargate  
  117  16:35  Probe x4  
  117  16:37  Stargate  
  117  16:40  Assimilator  
  117  16:44  Assimilator  
  117  16:45  Immortal  
  119  16:48  Void Ray  
  123  16:55  Fleet Beacon  
  121  17:09  Pylon  
  121  17:12  Pylon  
  121  17:15  Nexus  
  121  17:20  Blink  
  121  17:21  Stalker x2  
  121  17:22  Stalker  
  127  17:23  Protoss Ground Weapons Level 3  
  127  17:35  High Templar x6  
  127  17:36  High Templar x2  
  143  17:39  Archon x3  
  143  17:40  Archon  
  143  17:45  Zealot x2  
  143  17:46  Zealot  
  143  17:50  Zealot  
  145  18:09  Stalker  
  145  18:10  Zealot x2, Stalker x3  
  145  18:11  Zealot x3  
  161  18:19  Zealot x4  
  169  18:25  Probe x2  
  159  19:17  Nexus  
  159  19:20  Pylon  
  129  19:57  Zealot x3  
  129  19:58  Zealot x2  
  129  19:59  Dark Templar, Stalker x3  
  147  20:00  Dark Templar x2  
  149  20:46  High Templar  
  149  20:47  High Templar x3  
  149  20:49  High Templar x4  
  161  20:50  High Templar x2  
  161  20:53  Archon x2  
  161  20:55  Archon  
  165  21:03  Gateway  
  165  21:04  Photon Cannon  
  165  21:09  Assimilator  
  165  21:15  Assimilator  
Tags
 
Add a new tag
Caveats
  • Supply blocks, unpowered buildings, or Contaminate may cause inaccurate times.
  • Supply counts are checked every 10 seconds.